 Dungeon Crawl Stone Soup version 0.17.1-3-g152610e (webtiles) character file.

3571 manyhoops the Carver (level 9, -6/72 HPs)
             Began as a Demonspawn Gladiator on Apr 27, 2016.
             Was a Follower of Okawaru.
             Mangled by an orc warrior
             ... wielding a +0 battleaxe
              (9 damage)
             ... on level 7 of the Dungeon.
             The game lasted 00:14:09 (7406 turns).

manyhoops the Carver (Demonspawn Gladiator)         Turns: 7406, Time: 00:14:09

Health: -6/72      AC: 15    Str: 18    XL:     9   Next: 84%
Magic:  9/9        EV:  7    Int: 14    God:    Okawaru [*.....]
Gold:   314        SH:  0    Dex: 14    Spells: 0 memorised, 8 levels left

rFire  x . .     SeeInvis .     H - +1 long sword (distort)
rCold  + . .     Clarity  .     L - +0 plate armour
rNeg   . . .     SustAt   .     (no shield)
rPois  .         Gourm    +     (helmet restricted)
rElec  .         Spirit   .     (no cloak)
rCorr  .         Warding  .     u - +1 pair of gloves
rMut   .         Stasis   .     (no boots)
MR     .....                    j - amulet of the gourmand
Stlth  ..........               J - +4 ring of intelligence
                                k - ring of ice

@: not resistant to hostile enchantments, extremely unstealthy
A: claws 2, horns 1, talons 1, powered by pain 1, spiny 1
a: Heroism, Renounce Religion


You were on level 7 of the Dungeon.
You worshipped Okawaru.
Okawaru was aware of your devotion.
You were completely stuffed.

You visited 2 branches of the dungeon, and saw 9 of its levels.

You collected 314 gold pieces.

Inventory:

Hand Weapons
 q - a +0 scimitar
 H - a +1 long sword of distortion (weapon)
Missiles
 d - 3 throwing nets (quivered)
Armour
 s - a +0 ring mail
 u - a +1 pair of gloves (worn)
 L - a +0 plate armour (worn)
Jewellery
 j - an amulet of the gourmand (around neck)
 k - a ring of ice (left hand)
 t - an uncursed amulet of resist mutation
 D - an uncursed ring of stealth
 J - a +4 ring of intelligence (right hand)
Scrolls
 a - a scroll of amnesia {unknown}
 f - 3 scrolls of enchant armour
 h - 3 scrolls of recharging
 i - a scroll of fear {unknown}
 l - 2 scrolls of remove curse
 m - a scroll of blinking {unknown}
 n - 2 scrolls of enchant weapon
 o - 7 scrolls of teleportation
 p - a scroll of noise {unknown}
 r - a scroll of random uselessness {unknown}
 y - 3 scrolls of fog
 C - a scroll of immolation {unknown}
 E - a scroll of magic mapping
Potions
 c - 3 potions of haste
 g - a potion of brilliance
 x - a potion of invisibility
 z - 2 potions of resistance
 B - a potion of lignification
 F - a potion of mutation
 I - a potion of flight
Books
 b - a book of Party Tricks

   Spells                             Type                      Level
   a - Summon Butterflies             Summoning                    1
   b - Apportation                    Translocation                1
   c - Tukima's Dance                 Hexes                        3
   d - Alistair's Intoxication        Transmutation/Poison         4
   e - Invisibility                   Hexes                        6
 A - a book of Enchantments

   Spells                             Type                      Level
   a - Cause Fear                     Hexes                        4
   b - Silence                        Hexes/Air                    5
   c - Deflect Missiles               Charms/Air                   6
   d - Haste                          Charms                       6
   e - Discord                        Hexes                        8
 G - a book of Callings

   Spells                             Type                      Level
   a - Summon Small Mammal            Summoning                    1
   b - Call Imp                       Summoning                    2
   c - Call Canine Familiar           Summoning                    3
   d - Summon Guardian Golem          Hexes/Summoning              3
   e - Summon Lightning Spire         Summoning/Air                4
   f - Summon Ice Beast               Ice/Summoning                4
 K - a book of Minor Magic

   Spells                             Type                      Level
   a - Magic Dart                     Conjuration                  1
   b - Blink                          Translocation                2
   c - Call Imp                       Summoning                    2
   d - Repel Missiles                 Charms/Air                   2
   e - Slow                           Hexes                        2
   f - Conjure Flame                  Conjuration/Fire             3
   g - Mephitic Cloud                 Conjuration/Poison/Air       3
Comestibles
 e - 6 bread rations
 v - a royal jelly
 M - a meat ration
 N - 2 beef jerkies
 O - 7 slices of pizza
 P - a chunk of flesh


   Skills:
 + Level 7.4 Fighting
 + Level 8.3 Long Blades
 - Level 1.7 Throwing
 + Level 8.0 Armour
 - Level 2.6 Dodging


You had 8 spell levels left.
You didn't know any spells.

Dungeon Overview and Level Annotations

Branches:
Dungeon (8/15)             Temple (1/1) D:7
   Lair: D:8-11

Altars:
Ashenzari
Dithmenos
Fedhas
Gozag
Kikubaaqudgha
Makhleb
Nemelex Xobeh
Okawaru
Qazlal
Ru
Sif Muna
Trog
Vehumet
Xom
Zin
The Shining One

Shops:
D:5 :

Annotations:
D:7 manyhoops's ghost, novice MiHu
Abyss:1 Menkaure


Innate Abilities, Weirdness & Mutations

You have very sharp fingernails.
You have a pair of small horns on your head.
You have sharp toenails.
You sometimes gain a little power by taking damage.
You are partially covered in sharp spines.


Message History

You claw the orc warrior, but do no damage.
You headbutt the orc warrior, but do no damage.
The orc warrior is severely wounded.
You barely miss the orc warrior.
You claw the orc warrior, but do no damage.
Your headbutt misses the orc warrior.
The orc warrior is severely wounded.
The orc warrior hits you but does no damage.
You feel better.
The orc warrior hits you with a battleaxe!
* * * LOW HITPOINT WARNING * * *
You feel better.
The orc warrior hits you with a battleaxe.
* * * LOW HITPOINT WARNING * * *
You closely miss the orc warrior.
You claw the orc warrior, but do no damage.
Your headbutt misses the orc warrior.
The orc warrior is severely wounded.
The orc warrior hits you with a battleaxe!
You die...

.......[..## #.........
..........# #.........
.........## ######
########## .........##
##..<.### ..........#
##.......##
.......##.###.........#
.......##.##.....(...##
......###)......o....#
.....## ##......@....#
....## ##..........##
###### ...##
#...........#
#....##### ...#
##..........##
##........# ..##
#...........#
#.......... .##
##..........##
##.......... ##
#...........#
#........... #
#..........##
##...........
##..........#
#............


You could see an orc warrior.

Vanquished Creatures
  A human (D:7)
  A yak (D:7)
  The ghost of manyhoops the Bolt Thrower, an amateur MiHu of Okawaru (D:3)
  Grum (D:8)
  4 wolves (D:8)
  An eye of draining (D:8)
  A black bear (D:7)
  A phantom (D:5)
  An orc warrior (D:7)
  4 ogres
  A sky beast (D:6)
  An ice beast (D:5)
  3 centaurs
  A giant frog (D:8)
  A crocodile (D:7)
  2 scorpions
  2 electric eels (D:6)
  2 jellies
  4 crimson imps
  2 orc priests (D:7)
  Ijyb (D:2)
  Terence (D:2)
  11 orc wizards
  4 worker ants
  3 iguanas
  3 sheep (D:7)
  A gnoll (D:1)
  A shadow imp (D:7)
  9 adders
  4 worms
  28 orcs
  4 giant cockroaches
  7 goblins
  7 hobgoblins
  9 kobolds
  A quokka (D:3)
  6 bats
  3 giant geckos
  2 giant gecko skeletons
  4 giant newts
  18 jackals
  4 rats
166 creatures vanquished.

Notes
Turn   | Place    | Note
--------------------------------------------------------------
     0 | D:1      | manyhoops the Demonspawn Gladiator began the quest for the Orb.
     0 | D:1      | Reached XP level 1. HP: 16/16 MP: 1/1
   132 | D:1      | Reached skill level 3 in Long Blades
   132 | D:1      | Gained mutation: You are partially covered in sharp spines. [demonic ancestry]
   132 | D:1      | Reached XP level 2. HP: 6/23 MP: 2/2
   756 | D:2      | Noticed Terence
   766 | D:2      | Killed Terence
   766 | D:2      | Gained mutation: You have sharp fingernails. [demonic ancestry]
   766 | D:2      | Reached XP level 3. HP: 28/28 MP: 3/3
   952 | D:2      | Reached skill level 4 in Long Blades
   984 | D:2      | Reached XP level 4. HP: 10/34 MP: 4/4
  1404 | D:2      | Reached skill level 1 in Armour
  1439 | D:2      | Noticed Ijyb
  1449 | D:2      | Killed Ijyb
  1808 | D:3      | You fall through a shaft for 3 floors!
  1833 | D:5      | Entered Level 5 of the Dungeon
  1852 | D:5      | Gained mutation: You sometimes gain a little power by taking damage. [demonic ancestry]
  1852 | D:5      | Reached XP level 5. HP: 29/41 MP: 5/5
  1986 | D:5      | Noticed a phantom
  2027 | D:5      | Killed a phantom
  2027 | D:5      | Gained mutation: You have a pair of small horns on your head. [demonic ancestry]
  2027 | D:5      | Reached XP level 6. HP: 33/47 MP: 6/6
  2124 | D:5      | Noticed an ogre
  2128 | D:5      | Killed an ogre
  2128 | D:5      | Reached skill level 5 in Long Blades
  2552 | D:4      | Found Usemuc's Armour Shop.
  2570 | D:4      | Found an opulent altar of Gozag.
  2669 | D:4      | Gained mutation: You have sharp toenails. [demonic ancestry]
  2669 | D:4      | Reached XP level 7. HP: 39/53 MP: 7/7
  2844 | D:4      | You fall through a shaft for 2 floors!
  3154 | D:5      | Found a shadowy altar of Dithmenos.
  3154 | D:5      | Found a blossoming altar of Fedhas.
  3155 | D:5      | Found a sacrificial altar of Ru.
  3168 | D:5      | Found Rachiac's Book Shoppe.
  3175 | D:5      | Noticed a centaur
  3177 | D:5      | Noticed an ice beast
  3445 | D:3      | Noticed manyhoops's ghost (amateur MiHu)
  3458 | D:3      | Killed manyhoops's ghost
  4023 | D:5      | Killed a centaur
  4023 | D:5      | Reached skill level 5 in Armour
  4047 | D:5      | Reached skill level 6 in Long Blades
  4047 | D:5      | Gained mutation: You have very sharp fingernails. [demonic ancestry]
  4047 | D:5      | Reached XP level 8. HP: 41/61 MP: 8/8
  4222 | D:5      | Killed an ice beast
  4318 | D:5      | Found a bloodstained altar of Trog.
  4478 | D:6      | Noticed a phantom
  4513 | D:6      | Noticed a centaur
  4518 | D:6      | Killed a centaur
  4518 | D:6      | Reached skill level 5 in Fighting
  4732 | D:6      | Noticed a sky beast
  4742 | D:6      | Killed a sky beast
  4764 | D:6      | Noticed an ogre
  4774 | D:6      | Killed an ogre
  5586 | D:7      | Found a staircase to the Ecumenical Temple.
  5645 | D:7      | Reached skill level 7 in Long Blades
  5654 | Temple   | Entered the Ecumenical Temple
  5688 | Temple   | Became a worshipper of Warmaster Okawaru
  5853 | D:7      | Reached XP level 9. HP: 11/69 MP: 9/9
  6680 | D:7      | Noticed Menkaure
  6684 | D:7      | Banished Menkaure
  6775 | D:7      | Noticed manyhoops's ghost (novice MiHu)
  6986 | D:7      | Reached * piety under Okawaru
  7307 | D:8      | Noticed Grum
  7319 | D:8      | Killed Grum
  7323 | D:8      | Reached skill level 8 in Long Blades
  7404 | D:7      | HP: 1/72 [orc warrior/battleaxe (14)]
  7406 | D:7      | Mangled by an orc warrior

Action                   |  1- 3 |  4- 6 |  7- 9 || total
-------------------------+-------+-------+-------++-------
Melee: Long sword        |    47 |     3 |   179 ||   229
       Scimitar          |       |    72 |    91 ||   163
  Use: Scroll            |       |     7 |     9 ||    16
       Potion            |       |       |     3 ||     3
 Stab: Sleeping          |       |       |     1 ||     1
  Eat: Chunk             |     1 |    13 |    15 ||    29
       Bread ration      |       |     1 |       ||     1
